TOP OF THE 1ST |
Athletic Club KC Academy batting - Pitching for Ithaca Fighting Imps : RHP Frederick Jennings
|
Pitching: RHP Frederick Jennings
|
|
Batting: LHB Juan Morales
|
0-0: Ball 1-0: Ball 2-0: Foul Ball, location: 2F 2-1: Ball 3-1: Foul Ball, location: 2F 3-2: Base on Balls
|
Batting: RHB Kelsey Walker
|
0-0: Fly out, F7 (Flyball, 7, EV 88.1 MPH)
|
Batting: RHB Claudio Ynegas
|
0-0: Ball 1-0: Ball 2-0: Ball 3-0: Called Strike 3-1: Base on Balls Juan Morales to second
|
Batting: RHB Ángelo Soto
|
0-0: SINGLE (Groundball, 4MD, EV 95.0 MPH) Juan Morales to third Claudio Ynegas to second
|
Batting: SHB Marcos Ortíz
|
0-0: Ball 1-0: Ball 2-0: Called Strike 2-1: Ball 3-1: Foul Ball, location: 2F 3-2: Strikes out swinging
|
Batting: LHB Francisco Ferguson
|
0-0: Called Strike 0-1: Ball 1-1: Ball 2-1: Ball 3-1: Called Strike 3-2: Ground out 4-3 (Groundball, 34, EV 104.4 MPH)
|
Top of the 1st over - 0 runs, 1 hit, 0 errors, 3 left on base; Athletic Club KC Academy 0 - Ithaca 0 |
BOTTOM OF THE 1ST |
Ithaca Fighting Imps batting - Pitching for Athletic Club KC Academy : RHP Ricardo Sandoval
|
Pitching: RHP Ricardo Sandoval
|
|
Batting: RHB Mark Doss
|
0-0: Ball 1-0: Called Strike 1-1: Foul Ball, location: 2F 1-2: Ground out 6-3 (Groundball, 6, EV 100.6 MPH)
|
Batting: RHB Paul Johnston
|
0-0: Ball 1-0: Ball 2-0: Fly out, F8 (Flyball, 8LS, EV 86.9 MPH)
|
Batting: LHB Javier Blanco
|
0-0: Called Strike 0-1: Called Strike 0-2: Ball 1-2: Ball 2-2: Ball 3-2: Base on Balls
|
Batting: LHB Henry Meredith
|
0-0: Swinging Strike 0-1: Foul Ball, location: 2F 0-2: Ball 1-2: Ball 2-2: Strikes out looking
|
Bottom of the 1st over - 0 runs, 0 hits, 0 errors, 1 left on base; Athletic Club KC Academy 0 - Ithaca 0 |
TOP OF THE 2ND |
Athletic Club KC Academy batting - Pitching for Ithaca Fighting Imps : RHP Frederick Jennings
|
Batting: RHB Marcus Hambley
|
0-0: Fly out, F9 (Flyball, 89M, EV 90.0 MPH)
|
Batting: LHB Sam Forbes
|
0-0: Reached on error, E3 (Groundball, 13, EV 83.8 MPH)
|
Batting: LHB Raúl Hernández
|
0-0: Ball 1-0: Foul Ball, location: 2F 1-1: Foul Ball, location: 2F 1-2: Fly out, F8 (Flyball, 8RXD, EV 101.2 MPH)
|
Batting: LHB Juan Morales
|
0-0: Swinging Strike 0-1: Ball 1-1: Foul Ball, location: 2F 1-2: Strikes out swinging
|
Top of the 2nd over - 0 runs, 0 hits, 1 error, 1 left on base; Athletic Club KC Academy 0 - Ithaca 0 |
BOTTOM OF THE 2ND |
Ithaca Fighting Imps batting - Pitching for Athletic Club KC Academy : RHP Ricardo Sandoval
|
Batting: RHB Eppe Nuesink
|
0-0: Ball 1-0: Called Strike 1-1: Foul Ball, location: 2F 1-2: Ball 2-2: Ball 3-2: Fly out, F3 (Popup, 3S, EV 81.9 MPH)
|
Batting: SHB Marc Porter
|
0-0: Foul Ball, location: 2F 0-1: Ball 1-1: Ball 2-1: Ground out U3 (Groundball, 3, EV 104.4 MPH)
|
Batting: SHB Evan Winn
|
0-0: Called Strike 0-1: Called Strike 0-2: Ball 1-2: Ball 2-2: Strikes out swinging
|
Bottom of the 2nd over - 0 runs, 0 hits, 0 errors, 0 left on base; Athletic Club KC Academy 0 - Ithaca 0 |
TOP OF THE 3RD |
Athletic Club KC Academy batting - Pitching for Ithaca Fighting Imps : RHP Frederick Jennings
|
Batting: RHB Kelsey Walker
|
0-0: Swinging Strike 0-1: Foul Ball, location: 2F 0-2: Strikes out looking
|
Batting: RHB Claudio Ynegas
|
0-0: SOLO HOME RUN (Flyball, 7D, EV 95.6 MPH), Distance : 379 ft
|
Batting: RHB Ángelo Soto
|
0-0: Ball 1-0: Swinging Strike 1-1: Swinging Strike 1-2: Ball 2-2: Strikes out swinging
|
Batting: SHB Marcos Ortíz
|
0-0: Ball 1-0: Swinging Strike 1-1: Ball 2-1: Foul Ball, location: 2F 2-2: Foul Ball, location: 2F 2-2: Ball 3-2: Base on Balls
|
Batting: LHB Francisco Ferguson
|
0-0: Foul Ball, location: 2F 0-1: Foul Ball, location: 2F 0-2: Foul Ball, location: 2F 0-2: SINGLE (Flyball, 8RS, EV 95.0 MPH) Marcos Ortíz to second
|
Batting: RHB Marcus Hambley
|
0-0: Ball 1-0: Called Strike 1-1: Ground out 5-3 (Groundball, 56S, EV 93.1 MPH)
|
Top of the 3rd over - 1 run, 2 hits, 0 errors, 2 left on base; Athletic Club KC Academy 1 - Ithaca 0 |
BOTTOM OF THE 3RD |
Ithaca Fighting Imps batting - Pitching for Athletic Club KC Academy : RHP Ricardo Sandoval
|
Batting: RHB Kauno Sihvonen
|
0-0: Foul Ball, location: 2F 0-1: Called Strike 0-2: Ball 1-2: Strikes out looking
|
Batting: LHB Jamie Hunter
|
0-0: Called Strike 0-1: Ball 1-1: Ball 2-1: Swinging Strike 2-2: Strikes out swinging
|
Batting: RHB Mark Doss
|
0-0: Called Strike 0-1: Foul Ball, location: 2F 0-2: SINGLE (Line Drive, 8RS, EV 107.5 MPH)
|
Batting: RHB Paul Johnston
|
0-0: Called Strike 0-1: Ball 1-1: Ball 2-1: Ground out 5-3 (Groundball, 56S, EV 84.4 MPH)
|
Bottom of the 3rd over - 0 runs, 1 hit, 0 errors, 1 left on base; Athletic Club KC Academy 1 - Ithaca 0 |
TOP OF THE 4TH |
Athletic Club KC Academy batting - Pitching for Ithaca Fighting Imps : RHP Frederick Jennings
|
Batting: LHB Sam Forbes
|
0-0: Ball 1-0: Ball 2-0: Ball 3-0: Called Strike 3-1: Swinging Strike 3-2: Base on Balls
|
Batting: LHB Raúl Hernández
|
0-0: Called Strike 0-1: Ball 1-1: Swinging Strike 1-2: Foul Ball, location: 2F 1-2: Ball 2-2: Ball 3-2: Base on Balls Sam Forbes to second
|
Batting: LHB Juan Morales
|
0-0: Foul Ball, location: 2F 0-1: Swinging Strike 0-2: Ball 1-2: Fly out, F8 (Flyball, 8LD, EV 94.4 MPH) Runner from 2nd tags up, SAFE at 3rd with throw by CF
|
Batting: RHB Kelsey Walker
|
0-0: SINGLE (Groundball, 6MD, EV 93.8 MPH) Sam Forbes scores Raúl Hernández to second
|
Batting: RHB Claudio Ynegas
|
0-0: Ball 1-0: Called Strike 1-1: 3-RUN HOME RUN (Flyball, 7D, EV 101.2 MPH), Distance : 407 ft
|
Batting: RHB Ángelo Soto
|
0-0: Called Strike 0-1: Ball 1-1: Called Strike 1-2: Strikes out looking
|
Batting: SHB Marcos Ortíz
|
0-0: Called Strike 0-1: Swinging Strike 0-2: Strikes out looking
|
Top of the 4th over - 4 runs, 2 hits, 0 errors, 0 left on base; Athletic Club KC Academy 5 - Ithaca 0 |
BOTTOM OF THE 4TH |
Ithaca Fighting Imps batting - Pitching for Athletic Club KC Academy : RHP Ricardo Sandoval
|
Batting: LHB Javier Blanco
|
0-0: Ball 1-0: Fly out, F7 (Flyball, 7D, EV 99.4 MPH)
|
Batting: LHB Henry Meredith
|
0-0: Ball 1-0: Called Strike 1-1: SINGLE (Groundball, 4MD, EV 97.5 MPH)
|
Batting: RHB Eppe Nuesink
|
0-0: Called Strike 0-1: Ball 1-1: SINGLE (Line Drive, 7S, EV 96.2 MPH) Henry Meredith to second
|
Batting: SHB Marc Porter
|
0-0: Called Strike 0-1: SINGLE (Groundball, 13S, EV 66.9 MPH) (infield hit) Henry Meredith to third Eppe Nuesink to second
|
Batting: SHB Evan Winn
|
0-0: Ball Wild Pitch! Henry Meredith scores Eppe Nuesink to third Marc Porter to second 1-0: Ball 2-0: Called Strike 2-1: Ball 3-1: Swinging Strike 3-2: Foul Ball, location: 2F 3-2: Foul Ball, location: 2F 3-2: Base on Balls
|
Batting: RHB Kauno Sihvonen
|
0-0: Called Strike 0-1: Ball 1-1: Ground out 6-3 (Groundball, 6M, EV 86.9 MPH) Eppe Nuesink scores Marc Porter to third Evan Winn to second
|
Batting: LHB Jamie Hunter
|
0-0: Swinging Strike 0-1: Ball 1-1: Ball 2-1: Ball 3-1: Called Strike 3-2: Ground out 4-3 (Groundball, 4, EV 91.9 MPH)
|
Bottom of the 4th over - 2 runs, 3 hits, 0 errors, 2 left on base; Athletic Club KC Academy 5 - Ithaca 2 |
TOP OF THE 5TH |
Athletic Club KC Academy batting - Pitching for Ithaca Fighting Imps : RHP Frederick Jennings
|
Batting: LHB Francisco Ferguson
|
0-0: Called Strike 0-1: Swinging Strike 0-2: Foul Ball, location: 2F 0-2: Strikes out swinging
|
Batting: RHB Marcus Hambley
|
0-0: Swinging Strike 0-1: Ball 1-1: Ball 2-1: Foul Ball, location: 2F 2-2: Ball 3-2: Strikes out looking
|
Batting: LHB Sam Forbes
|
0-0: Ball 1-0: Ball 2-0: Swinging Strike 2-1: Foul Ball, location: 2F 2-2: DOUBLE (Line Drive, 9LM, EV 111.9 MPH)
|
Batting: LHB Raúl Hernández
|
0-0: Ball 1-0: Called Strike 1-1: Swinging Strike 1-2: Strikes out swinging
|
Top of the 5th over - 0 runs, 1 hit, 0 errors, 1 left on base; Athletic Club KC Academy 5 - Ithaca 2 |
BOTTOM OF THE 5TH |
Ithaca Fighting Imps batting - Pitching for Athletic Club KC Academy : RHP Ricardo Sandoval
|
Batting: RHB Mark Doss
|
0-0: Ball 1-0: Ball 2-0: Called Strike 2-1: Swinging Strike 2-2: Ground out 5-3 (Groundball, 56S, EV 73.8 MPH)
|
Batting: RHB Paul Johnston
|
0-0: Called Strike 0-1: Called Strike 0-2: Ground out 4-3 (Groundball, 4, EV 102.5 MPH)
|
Batting: LHB Javier Blanco
|
0-0: Ball 1-0: Ball 2-0: Called Strike 2-1: Fly out, F9 (Flyball, 89S, EV 84.4 MPH)
|
Bottom of the 5th over - 0 runs, 0 hits, 0 errors, 0 left on base; Athletic Club KC Academy 5 - Ithaca 2 |
TOP OF THE 6TH |
Athletic Club KC Academy batting - Pitching for Ithaca Fighting Imps : RHP Frederick Jennings
|
Batting: LHB Juan Morales
|
0-0: Foul Ball, location: 2F 0-1: Foul Ball, location: 2F 0-2: Foul Ball, location: 2F 0-2: Ball 1-2: Foul Ball, location: 2F 1-2: Foul Ball, location: 2F 1-2: Fly out, F7 (Flyball, 7LD, EV 101.9 MPH)
|
Pitching: RHP Chet Walker
|
|
Batting: RHB Kelsey Walker
|
0-0: Ball 1-0: Called Strike 1-1: Ball 2-1: Ball 3-1: Foul Ball, location: 2F 3-2: Strikes out swinging
|
Batting: RHB Claudio Ynegas
|
0-0: Ball 1-0: SINGLE (Flyball, 8RS, EV 94.4 MPH)
|
Batting: RHB Ángelo Soto
|
0-0: SINGLE (Line Drive, 89S, EV 95.0 MPH) Claudio Ynegas to second Runner from 2nd tries for 3rd, SAFE, no throw by RF
|
Batting: SHB Marcos Ortíz
|
0-0: Called Strike 0-1: Ball 1-1: Fly out, F8 (Flyball, 89M, EV 91.2 MPH)
|
Top of the 6th over - 0 runs, 2 hits, 0 errors, 2 left on base; Athletic Club KC Academy 5 - Ithaca 2 |
BOTTOM OF THE 6TH |
Ithaca Fighting Imps batting - Pitching for Athletic Club KC Academy : RHP Ricardo Sandoval
|
Batting: LHB Henry Meredith
|
0-0: Ball 1-0: Ball 2-0: Called Strike 2-1: Foul Ball, location: 2F 2-2: Strikes out swinging
|
Batting: RHB Eppe Nuesink
|
0-0: Ball 1-0: Ball 2-0: Ball 3-0: Base on Balls
|
Batting: SHB Marc Porter
|
0-0: Foul Ball, location: 2F 0-1: Ball 1-1: Swinging Strike 1-2: Ball 2-2: Foul Ball, location: 2F 2-2: Strikes out looking
|
Batting: SHB Evan Winn
|
0-0: Ball 1-0: Swinging Strike 1-1: Foul Ball, location: 2F 1-2: Foul Ball, location: 2F 1-2: Ball 2-2: Ground out 4-3 (Groundball, 4, EV 79.4 MPH)
|
Bottom of the 6th over - 0 runs, 0 hits, 0 errors, 1 left on base; Athletic Club KC Academy 5 - Ithaca 2 |
TOP OF THE 7TH |
Athletic Club KC Academy batting - Pitching for Ithaca Fighting Imps : RHP Chet Walker
|
Batting: LHB Francisco Ferguson
|
0-0: Ball 1-0: Called Strike 1-1: Foul Ball, location: 2F 1-2: Strikes out swinging, 2-3 out at first.
|
Batting: RHB Marcus Hambley
|
0-0: Called Strike 0-1: SINGLE (Line Drive, 9S, EV 91.9 MPH)
|
Batting: LHB Sam Forbes
|
0-0: Fly out, F7 (Flyball, 7, EV 74.4 MPH)
|
Batting: LHB Raúl Hernández
|
0-0: Ball Marcus Hambley is caught stealing 2nd base 2-6
|
Top of the 7th over - 0 runs, 1 hit, 0 errors, 0 left on base; Athletic Club KC Academy 5 - Ithaca 2 |
BOTTOM OF THE 7TH |
Ithaca Fighting Imps batting - Pitching for Athletic Club KC Academy : RHP Ricardo Sandoval
|
Pitching: RHP Ánibal Ramos
|
|
Batting: RHB Kauno Sihvonen
|
0-0: Ground out 5-3 (Groundball, 56S, EV 83.8 MPH)
|
Batting: LHB Jamie Hunter
|
0-0: Swinging Strike 0-1: Foul Ball, location: 2F 0-2: Strikes out swinging
|
Batting: RHB Mark Doss
|
0-0: Ball 1-0: Ball 2-0: Ball 3-0: Base on Balls
|
Batting: RHB Paul Johnston
|
0-0: Ball 1-0: Ground out 4-3 (Groundball, 34, EV 80.0 MPH)
|
Bottom of the 7th over - 0 runs, 0 hits, 0 errors, 1 left on base; Athletic Club KC Academy 5 - Ithaca 2 |
TOP OF THE 8TH |
Athletic Club KC Academy batting - Pitching for Ithaca Fighting Imps : RHP Chet Walker
|
Batting: LHB Raúl Hernández
|
0-0: Called Strike 0-1: Called Strike 0-2: Strikes out looking
|
Batting: LHB Juan Morales
|
0-0: Swinging Strike 0-1: Ball 1-1: Ball 2-1: Ball 3-1: Base on Balls
|
Batting: RHB Kelsey Walker
|
0-0: Called Strike 0-1: Swinging Strike 0-2: Strikes out swinging
|
Batting: RHB Claudio Ynegas
|
0-0: Ball 1-0: Called Strike 1-1: SINGLE (Flyball, 56D, EV 95.6 MPH) Juan Morales to second
|
Batting: RHB Ángelo Soto
|
0-0: Ball 1-0: Swinging Strike 1-1: SINGLE (Groundball, 4MD, EV 98.1 MPH) Juan Morales to third Claudio Ynegas to second Runner from 3rd tries for Home, SAFE, throw by CF to home
|
Batting: SHB Marcos Ortíz
|
0-0: Ball 1-0: Called Strike 1-1: Ball 2-1: Ball 3-1: Base on Balls Claudio Ynegas to third Ángelo Soto to second
|
Batting: LHB Francisco Ferguson
|
0-0: Swinging Strike 0-1: Ball 1-1: Swinging Strike 1-2: Foul Ball, location: 2F 1-2: Strikes out swinging
|
Top of the 8th over - 1 run, 2 hits, 0 errors, 3 left on base; Athletic Club KC Academy 6 - Ithaca 2 |
BOTTOM OF THE 8TH |
Ithaca Fighting Imps batting - Pitching for Athletic Club KC Academy : RHP Ánibal Ramos
|
Batting: LHB Javier Blanco
|
0-0: Called Strike 0-1: Fly out, F9 (Line Drive, 9S, EV 105.6 MPH)
|
Batting: LHB Henry Meredith
|
0-0: Called Strike 0-1: Ball 1-1: Ball 2-1: Ball 3-1: Base on Balls
|
Batting: RHB Eppe Nuesink
|
0-0: Ball 1-0: Ball 2-0: Grounds into double play, 5-4-3 (Groundball, 5, EV 85.0 MPH)
|
Bottom of the 8th over - 0 runs, 0 hits, 0 errors, 0 left on base; Athletic Club KC Academy 6 - Ithaca 2 |
TOP OF THE 9TH |
Athletic Club KC Academy batting - Pitching for Ithaca Fighting Imps : RHP Chet Walker
|
Pitching: RHP Wan-hua Yi
|
|
Batting: RHB Marcus Hambley
|
0-0: Ball 1-0: Ball 2-0: Called Strike 2-1: Ground out 1-3 (Groundball, 13, EV 74.4 MPH)
|
Batting: LHB Sam Forbes
|
0-0: Foul Ball, location: 2F 0-1: Ball 1-1: Foul Ball, location: 2F 1-2: Foul Ball, location: 2F 1-2: Strikes out swinging
|
Batting: LHB Raúl Hernández
|
0-0: Swinging Strike 0-1: Foul Ball, location: 2F 0-2: Ball 1-2: Ball 2-2: Strikes out swinging
|
Top of the 9th over - 0 runs, 0 hits, 0 errors, 0 left on base; Athletic Club KC Academy 6 - Ithaca 2 |
BOTTOM OF THE 9TH |
Ithaca Fighting Imps batting - Pitching for Athletic Club KC Academy : RHP Ánibal Ramos
|
Batting: SHB Marc Porter
|
0-0: Ball 1-0: Ball 2-0: Ball 3-0: Called Strike 3-1: Called Strike 3-2: Foul Ball, location: 2F 3-2: Strikes out swinging
|
Batting: SHB Evan Winn
|
0-0: Called Strike 0-1: Foul Ball, location: 2F 0-2: Strikes out swinging
|
Batting: RHB Kauno Sihvonen
|
0-0: Fly out, F2 (Popup, 23F, EV 87.5 MPH)
|
Bottom of the 9th over - 0 runs, 0 hits, 0 errors, 0 left on base; Athletic Club KC Academy 6 - Ithaca 2 |
|